 Dungeon Crawl Stone Soup version 0.17.1-3-g152610e (webtiles) character file.

93 manyhoops the Poker (level 4, -7/34 HPs)
             Began as a Merfolk Gladiator on Apr 5, 2016.
             Killed from afar by Sigmund (8 damage)
             ... with a puff of flame
             ... on level 3 of the Dungeon.
             The game lasted 00:03:30 (1602 turns).

manyhoops the Poker (Merfolk Gladiator)             Turns: 1602, Time: 00:03:30

Health: -7/34      AC:  6    Str: 15    XL:     4   Next: 62%
Magic:  4/4        EV: 13    Int:  7    God:
Gold:   75         SH:  0    Dex: 15    Spells: 0 memorised, 3 levels left

rFire  . . .     SeeInvis .     a - +0 trident
rCold  . . .     Clarity  .     g - +0 ring mail
rNeg   . . .     SustAt   .     (no shield)
rPois  .         Gourm    .     c - +0 helmet
rElec  .         Spirit   .     (no cloak)
rCorr  .         Warding  .     (no gloves)
rMut   .         Stasis   +     (no boots)
MR     .....                    v - amulet of stasis
Stlth  +.........               (no ring)
                                o - ring of invisibility

@: not resistant to hostile enchantments, very unstealthy
A: change form in water, swift swim
a: Evoke Invisibility


You were on level 3 of the Dungeon.
You were not hungry.

You visited 1 branch of the dungeon, and saw 3 of its levels.

You collected 75 gold pieces.

Inventory:

Hand Weapons
 a - a +0 trident (weapon)
Missiles
 d - 3 throwing nets (quivered)
Armour
 b - a +0 leather armour
 c - a +0 helmet (worn)
 g - a +0 ring mail (worn)
Jewellery
 o - a ring of invisibility (left hand)
 v - an amulet of stasis (around neck)
Scrolls
 f - 2 scrolls of noise
 j - 2 scrolls of magic mapping {unknown}
 l - a scroll of recharging {unknown}
 n - a scroll of enchant weapon {unknown}
 t - 3 scrolls of remove curse {unknown}
Potions
 h - a potion of mutation {unknown}
 k - 3 potions of curing
 p - 2 potions of brilliance {unknown}
 q - a potion of agility {unknown}
 r - 2 potions of ambrosia {unknown}
 s - 2 potions of flight
 u - a potion of cancellation {unknown}
 w - a potion of lignification {unknown}
Comestibles
 e - 2 bread rations
 m - 5 chunks of flesh
 x - a meat ration


   Skills:
 + Level 2.7 Fighting
 + Level 5.5 Polearms
 - Level 2.0 Throwing
 + Level 5.0 Dodging
 * Level 2.2 Stealth


You had 3 spell levels left.
You didn't know any spells.

Dungeon Overview and Level Annotations

Branches:
Dungeon (3/15)

Altars:
Elyvilon
Vehumet
Xom
Yredelemnul
The Shining One

Annotations:
D:3 Sigmund


Message History

You hear some strange, mumbled words.
You are confused.
Something barely misses you. The bat misses you.
You miss something. The bat barely misses you.
Something hits you but does no damage.
You hit something. The bat hits you but does no damage.
Something hits you but does no damage.
You completely miss something.
You feel less confused. The bat hits you but does no damage.
You barely miss something. The bat hits you but does no damage.
Something hits you!
* * * LOW HITPOINT WARNING * * *
You closely miss something. The bat closely misses you.
The bat hits you but does no damage.
You hear some strange, mumbled words.
A puff of flame appears from out of thin air!
The puff of flame hits you!
You die...

#..##...##.# # ..
#..........# #. #.. ##
#.###...####
##.##..##.###.# #...#
.......#...##.# #...#
#.#..#.......# #...####
##...........####......#
....................##.#
#.#....@b....#####.###.#
.......{§§..## #.# #.#
#.#..###§.§## #.# #)#
.... ##§§# #.# #.# #.#
#?§# #####.# #.# ..
.####..###...#.###.# #
....................#
.#####...##...#######
#...######


You could see a bat.

Vanquished Creatures
  4 adders
  2 oozes
  An orc (D:3)
  5 bats
  4 giant cockroaches
  5 hobgoblins (D:2)
  3 kobolds
  3 ball pythons (D:2)
  A giant gecko (D:3)
  6 giant newts
  5 goblins (D:2)
  5 jackals
  5 rats
49 creatures vanquished.

Notes
Turn   | Place    | Note
--------------------------------------------------------------
     0 | D:1      | manyhoops the Merfolk Gladiator began the quest for the Orb.
     0 | D:1      | Reached XP level 1. HP: 16/16 MP: 1/1
   234 | D:1      | Reached skill level 1 in Stealth
   367 | D:1      | Reached XP level 2. HP: 22/22 MP: 2/2
   921 | D:2      | Found a basalt altar of Yredelemnul.
   955 | D:2      | Reached skill level 5 in Polearms
   955 | D:2      | Reached XP level 3. HP: 25/28 MP: 3/3
  1079 | D:2      | Reached XP level 4. HP: 21/34 MP: 4/4
  1088 | D:2      | Found a shimmering altar of Xom.
  1182 | D:2      | Found a radiant altar of Vehumet.
  1183 | D:2      | Found a glowing golden altar of the Shining One.
  1289 | D:2      | Found a white marble altar of Elyvilon.
  1415 | D:2      | Found a faded altar to an unknown god.
  1531 | D:3      | Reached skill level 5 in Dodging
  1575 | D:3      | Noticed Sigmund
  1601 | D:3      | HP: 1/34 [something (12)]
  1602 | D:3      | Killed from afar by Sigmund

Action                   |  1- 3 |  4- 6 || total
-------------------------+-------+-------++-------
Melee: Trident           |    99 |    76 ||   175
  Use: Scroll            |     4 |     1 ||     5
 Stab: Sleeping          |     1 |     2 ||     3
  Eat: Chunk             |     1 |     1 ||     2
